AoeStats
← 859

Black Forest

509925047Analyzed
4v4 RM · 4d ago on Sep 28, 2026· 54m 10s· 8 players
Game mode
Random Map
Map size
Large (8 player)
Population
200
Speed
Normal
Resources
Standard
Victory
Conquest
Starting age
Dark Age
Ending age
Imperial Age
RankedLock teamsTeams togetherTeam positionsShared explorationLock speedFull tech treeHidden civsTurbo modeCheats
Victory
Defeat
🇨🇿 Persians · Czechia
1469
+15
🇨🇭 Saxons · Switzerland
1420
+18
🇳🇴 Hindustanis · Norway
1396
+18
🇫🇷 Mongols · France
1366
+20
🇨🇳 Japanese · China
1564
-22
🇨🇳 Bohemians · China
1532
-21
🇨🇳 Koreans · China
1408
-16
🇨🇳 Persians · China
1305
-12
Mr_Asphalt
9:29 Loom
11:29 Feudal Age
15:41 Castle Age
14:47 Double-Bit Axe
15:38 Horse Collar
17:08 Bow Saw
17:01 Fishing Lines
17:42 Horse Collar
22:50 Gold Mining
23:10 Heavy Plow
24:06 Gillnets
25:18 Stone Mining
26:04 Gold Shaft Mining
27:08 Wheelbarrow
30:07 Imperial Age
28:19 Stone Shaft Mining
27:53 Scale Barding Armor
28:56 Chain Barding Armor
28:47 Forging
28:54 Hand Cart
29:31 Town Watch
29:39 Fletching
30:19 Devotion
29:47 Elite War Elephant
30:49 Conscription
32:01 Plate Barding Armor
32:02 Iron Casting
31:23 Bodkin Arrow
31:41 Masonry
31:28 Murder Holes
31:55 Ballistics
32:37 Chemistry
32:31 Crop Rotation
33:02 Two-Man Saw
32:35 Caravan
33:07 Coinage
32:48 Guilds
34:58 Blast Furnace
34:02 Town Patrol
35:10 Banking
38:14 Hoardings
37:23 Capped Ram
39:22 Architecture
42:35 Citadels
43:04 Husbandry
43:15 Bloodlines
Snavle
10:51 Feudal Age
14:32 Castle Age
13:04 Double-Bit Axe
18:56 Fishing Lines
21:52 Horse Collar
22:33 Gillnets
23:11 Bow Saw
23:53 Wheelbarrow
23:04 Loom
26:06 Heavy Plow
26:25 Padded Archer Armor
29:37 Imperial Age
26:53 Town Watch
27:25 Hand Cart
27:47 Gold Mining
28:00 Caravan
27:35 Light Cavalry
28:25 Bloodlines
28:15 Husbandry
28:37 Stone Mining
29:24 Gold Shaft Mining
29:27 Scale Barding Armor
29:33 Forging
29:39 Leather Archer Armor
30:11 Grand Trunk Road
31:28 Chemistry
30:28 Hussar
31:34 Chain Barding Armor
32:54 Iron Casting
33:51 Elite Skirmisher
34:36 Thumb Ring
35:40 Fletching
36:21 Ring Archer Armor
36:28 Bodkin Arrow
38:15 Two-Man Saw
38:16 Bracer
38:54 Plate Barding Armor
41:10 Shatagni
45:54 Conscription
48:20 Scale Mail Armor
49:21 Blast Furnace
49:47 Elite Ghulam
52:11 Chain Mail Armor
Svodoo
3:51 Loom
9:32 Feudal Age
14:16 Castle Age
12:52 Fletching
13:32 Double-Bit Axe
15:02 Loom
16:38 Bodkin Arrow
22:16 Devotion
26:36 Ballistics
31:45 Imperial Age
30:35 Bloodlines
31:30 Herbal Medicine
31:38 Husbandry
32:05 Bow Saw
32:13 Padded Archer Armor
33:19 Wheelbarrow
33:43 Bracer
35:03 Masonry
38:00 Chemistry
38:47 Conscription
40:20 Leather Archer Armor
41:13 Caravan
42:40 Elite Mangudai
44:12 Hand Cart
44:30 Parthian Tactics
45:40 Thumb Ring
lorddoc
0:51 Loom
11:59 Feudal Age
18:06 Castle Age
16:59 Double-Bit Axe
24:17 Wheelbarrow
24:34 Fletching
25:23 Fishing Lines
28:16 Gold Mining
29:52 Hand Cart
29:29 Horse Collar
32:56 Imperial Age
31:06 Bodkin Arrow
31:12 Padded Archer Armor
32:34 Ballistics
32:28 Bloodlines
32:19 Husbandry
32:20 Stone Mining
33:19 Thumb Ring
33:00 Cranequins
34:43 Chemistry
34:00 Masonry
35:18 Bracer
35:35 Leather Archer Armor
35:56 Architecture
35:12 Heavy Mounted Crossbowman
35:22 Capped Ram
38:05 Ring Archer Armor
37:18 Siege Ram
38:42 Conscription
39:18 Gold Shaft Mining
39:45 Bow Saw
40:51 Caravan
43:36 Siege Engineers
48:09 Pikeman
48:49 Squires
48:35 Arson
50:27 Scale Mail Armor
50:38 Forging
51:24 Chain Mail Armor
51:01 Halberdier
54:22 Two-Man Saw
54:38 Plate Mail Armor
54:44 Iron Casting
860
2:15 Loom
13:24 Feudal Age
14:13 Double-Bit Axe
14:11 Horse Collar
21:19 Castle Age
23:39 Bow Saw
26:24 Imperial Age
24:45 Gold Mining
24:46 Stone Mining
28:16 Chemistry
27:37 Ballistics
28:03 Eupseong
29:49 Fletching
29:48 Arson
30:04 Squires
29:24 Pikeman
30:17 Caravan
31:32 Wheelbarrow
31:46 Gold Shaft Mining
31:57 Murder Holes
34:22 Conscription
34:13 Siege Engineers
34:51 Bodkin Arrow
35:21 Fortified Wall
34:56 Fishing Lines
37:59 Two-Man Saw
36:48 Town Watch
36:51 Crossbowman
39:23 Halberdier
41:06 Bracer
41:16 Forging
41:07 Scale Mail Armor
44:27 Iron Casting
44:15 Chain Mail Armor
44:08 Thumb Ring
43:32 Elite Skirmisher
43:34 Arbalester
44:08 Heavy Rocket Cart
45:13 Masonry
51:09 Plate Mail Armor
柠檬头的喜悦
11:44 Feudal Age
12:59 Double-Bit Axe
13:08 Fishing Lines
13:58 Horse Collar
16:48 Castle Age
17:47 Bow Saw
17:42 Gillnets
19:28 Loom
22:19 Wheelbarrow
22:43 Gold Mining
22:43 Stone Mining
24:49 Gold Shaft Mining
24:05 Stone Mining
28:16 Imperial Age
26:05 Hand Cart
25:35 Town Watch
25:42 Fletching
26:29 Bodkin Arrow
27:01 Heavy Plow
27:03 Padded Archer Armor
27:27 Ballistics
28:12 Leather Archer Armor
29:30 Parthian Tactics
29:11 Thumb Ring
28:28 Heavy Cavalry Archer
29:39 Ring Archer Armor
29:10 Bracer
30:32 Chemistry
31:02 Two-Man Saw
30:08 Husbandry
30:19 Bloodlines
31:09 Conscription
34:34 Kataparuto
34:40 Siege Engineers
37:51 Caravan
39:23 Coinage
42:01 Light Cavalry
42:48 Scale Barding Armor
42:53 Forging
44:34 Chain Barding Armor
47:39 Iron Casting
49:20 Blast Furnace
49:59 Yasama
859
7:28 Loom
11:59 Feudal Age
16:56 Castle Age
14:50 Double-Bit Axe
14:48 Horse Collar
17:01 Wheelbarrow
21:30 Bow Saw
34:32 Imperial Age
32:07 Gold Mining
32:08 Stone Mining
32:32 Heavy Plow
32:58 Hand Cart
34:41 Gold Shaft Mining
34:41 Stone Shaft Mining
35:15 Conscription
34:16 Elite War Elephant
35:09 Scale Barding Armor
35:14 Forging
36:29 Devotion
37:31 Faith
37:24 Husbandry
37:34 Bloodlines
38:26 Chain Barding Armor
38:41 Iron Casting
40:02 Two-Man Saw
39:37 Crop Rotation
39:46 Plate Barding Armor
41:50 Blast Furnace
45:38 Fletching
47:45 Caravan
51:12 Hoardings
50:53 Citadels
51:27 Pikeman
51:53 Gambesons
52:08 Squires
52:58 Scale Mail Armor
53:29 Halberdier
Su-deity
1:05 Loom
12:37 Feudal Age
13:43 Double-Bit Axe
13:39 Horse Collar
16:20 Castle Age
17:23 Wheelbarrow
17:32 Bow Saw
22:16 Sanctity
27:40 Fishing Lines
34:21 Imperial Age
31:58 Gillnets
32:10 Heavy Plow
32:21 Town Watch
33:42 Scale Mail Armor
33:52 Forging
34:40 Chain Mail Armor
34:05 Pikeman
34:45 Squires
34:31 Arson
34:38 Fletching
36:10 Chemistry
35:26 Halberdier
36:43 Iron Casting
36:39 Plate Mail Armor
37:15 Two-Man Saw
37:11 Conscription
38:28 Siege Engineers
39:04 Wagenburg Tactics
40:07 Blast Furnace
39:03 Bodkin Arrow
39:20 Guilds
39:32 Ballistics
38:58 Arrowslits
39:24 Masonry
39:09 Murder Holes
39:04 Houfnice
42:15 Fervor
42:33 Illumination
42:25 Block Printing
42:48 Theocracy
43:43 Redemption
47:23 Caravan
51:30 Hussite Reforms
51:29 Bracer
52:00 Architecture
Connection lost

Rejoining the realm…

Still unreachable

The connection could not be restored.

Session expired

The server has moved on; the page needs a fresh start.